 Dungeon Crawl Stone Soup version 0.28.0-62-gf88900778d (webtiles) character file.

Game seed: 10097666527761733936

219 cbfl8 the Chopper (level 5, 0/46 HPs)
             Began as a Hill Orc Fighter on May 26, 2023.
             Was an Initiate of Beogh.
             Succumbed to a scorpion's poison
             ... on level 4 of the Dungeon.
             The game lasted 00:02:49 (3422 turns).

cbfl8 the Chopper (Hill Orc Fighter)                Turns: 3422, Time: 00:02:49

Health: 0/46       AC: 12    Str: 21    XL:     5   Next: 96%
Magic:  5/5        EV:  7    Int:  8    God:    Beogh [......]
Gold:   126        SH:  4    Dex: 10    Spells: 4/4 levels left

rFire   . . .      SeeInvis .   a - +0 war axe
rCold   . . .      Faith    .   c - +0 buckler
rNeg    . . .      Spirit   .   f - +0 chain mail
rPois   .          Reflect  .   (no helmet)
rElec   .          Harm     .   (no cloak)
rCorr   .          Rampage  .   j - +0 pair of gloves
Will    .....                   m - +0 pair of boots
Stlth   ..........              (no amulet)
HPRegen 0.15/turn               (no ring)
MPRegen 0.09/turn               (no ring)

@: lethally poisoned (0 -> -29)
A: no striking features
a: Renounce Religion


You were on level 4 of the Dungeon.
You worshipped Beogh.
Beogh was noncommittal.
You visited 1 branch of the dungeon, and saw 4 of its levels.

You collected 126 gold pieces.

Inventory:

Hand Weapons
 a - a +0 war axe (weapon)
 e - a +0 vorpal hand axe
 t - the +8 dagger "Jugyx" {elec, rC+ rCorr Dex-5}
   (You found it on level 3 of the Dungeon)

   It occasionally discharges a powerful burst of electricity upon striking a
   foe.
   Dex:       It affects your dexterity (-5).
   rC:        It protects you from cold.
   rCorr:     It protects you from acid and corrosion.
Missiles
 k - a throwing net
Armour
 c - a +0 buckler (worn)
 f - a +0 chain mail (worn)
 j - a +0 pair of gloves (worn)
 m - a +0 pair of boots (worn)
Wands
 o - a wand of iceblast (26) (quivered)
Scrolls
 h - 2 scrolls of identify {unknown}
 l - a scroll of fear {unknown}
 q - a scroll of enchant armour {unknown}
 r - a scroll of magic mapping {unknown}
 u - a scroll of vulnerability {unknown}
Potions
 b - 2 potions of curing {unknown}
 d - a potion of might
 g - a potion of brilliance {unknown}
 i - 2 potions of berserk rage {unknown}
 n - a potion of invisibility {unknown}
 p - a potion of heal wounds {unknown}
 s - a potion of resistance {unknown}
 v - a potion of magic {unknown}


   Skills:
 + Level 4.3 Fighting
 + Level 4.5 Axes
 + Level 4.4 Armour
 + Level 0.6 Dodging
 + Level 3.7 Shields
 * Level 2.5 Evocations


You had 4 spell levels left.
You didn't know any spells.
Your spell library contained the following spells:

 Spells                   Type           Power      Damage    Failure   Level
 Static Discharge         Conj/Air       0%         N/A       100%        2
 Lightning Bolt           Conj/Air       0%         1d11      100%        5
 Maxwell's Capacitive Co  Air            0%         ∞         100%        8


Dungeon Overview and Level Annotations

Branches:
Dungeon (4/15)
 Temple: D:4-7

Altars:
Cheibriados
Okawaru
Ru


Message History

You hit the scorpion.
The scorpion is almost dead.
You feel sick.
The scorpion stings you but does no damage.
The scorpion completely misses you.
You hit the scorpion but do no damage.
The scorpion is almost dead.
You feel sick.
The scorpion stings you but does no damage.
You hit the scorpion.
The scorpion is almost dead.
You feel sick.
You are no longer poisoned.
The scorpion barely misses you. The scorpion stings you.
You are poisoned.
The scorpion poisons you!
You hit the scorpion but do no damage.
The scorpion is almost dead.
You feel very sick.
The scorpion stings you but does no damage.
The scorpion stings you.
* * * LOW HITPOINT WARNING * * *
You are lethally poisoned!
The scorpion poisons you!
You closely miss the scorpion.
The scorpion is almost dead.
* * * LOW HITPOINT WARNING * * *
You feel very sick. The scorpion stings you.
* * * LOW HITPOINT WARNING * * *
You are more poisoned.
The scorpion poisons you!
Aiming: Iceblast
Press: ? - help, Q - select action, (/) - cycle Shift-Dir - straight line The mass of ice explodes!
The iceblast engulfs the scorpion!
You kill the scorpion!
Beogh accepts your kill.
The iceblast engulfs the quokka.
The quokka is almost dead.
You die...

#........§†§.#
#..§≈§≈≈≈≈≈§§#
#..≈..[....§.######
#..≈.#####§§.......
#####..≈.#.....§...>###
#...##.≈.#._.#.≈.##....
#.....≈.....#.≈.######
####..≈.#####.≈.# #
#.@†r......≈.#
#.....≈≈≈≈≈§≈§≈.#
...............§..#
...........###....#
........##.# .........
.# .......#. .. ..#...#
# .# #.#


You could see a quokka.

Vanquished Creatures
  2 scorpions (D:4)
  A hound (D:4)
  An iguana (D:4)
  Ijyb (D:4)
  An adder (D:4)
  5 worms
  3 orcs
  10 ball pythons
  4 endoplasms
  3 giant cockroaches
  4 goblins
  5 hobgoblins
  3 kobolds (D:3)
  2 quokkas
  5 bats
  3 frilled lizards
  3 rats
56 creatures vanquished.

Notes
Turn   | Place    | Note
-------+----------+-------------------------------------------
     0 | D:1      | cbfl8 the Hill Orc Fighter began the quest for the Orb.
     0 | D:1      | Reached XP level 1. HP: 19/19 MP: 1/1
   237 | D:1      | Reached XP level 2. HP: 27/27 MP: 2/2
   770 | D:2      | Reached skill level 1 in Evocations
  1077 | D:2      | Reached XP level 3. HP: 30/33 MP: 3/3
  1856 | D:3      | You fall into a shaft and drop 1 floor!
  1867 | D:4      | Reached XP level 4. HP: 39/40 MP: 4/4
  2536 | D:3      | Found a faded altar of an unknown god.
  2697 | D:3      | Identified the +8 dagger "Jugyx" {elec, rC+ rCorr Dex-5}
  2880 | D:4      | Noticed Ijyb
  2893 | D:4      | Killed Ijyb
  2894 | D:4      | Reached XP level 5. HP: 32/46 MP: 5/5
  2947 | D:4      | Became a worshipper of Beogh the Brigand
  3195 | D:4      | Found a sacrificial altar of Ru.
  3199 | D:4      | Found a snail-covered altar of Cheibriados.
  3304 | D:4      | Found an iron altar of Okawaru.
  3422 | D:4      | Succumbed to a scorpion's poison

Illustrated notes

Levels and vault maps discovered:
D:1:      dpeg_arrival_fog, layout_rooms
D:2:      layout_loops_ring
D:3:      layout_basic, ebering_ecumenical_altar_mist, grunt_ministairs_8,
          minmay_starry_boxes
D:4:      layout_rooms, mainiacjoe_overflow_brackets,
          gammafunk_temple_overflow_elements, minitemple,
          nicolae_elevator_lobby_asterisk, uniq_ijyb

Skill      XL: |  1  2  3  4  5 |
---------------+----------------+-----
Evocations     | 1 2 |  2.5
Fighting       | 4 |  4.3
Axes           | 3 4 |  4.5
Armour         | 4 |  4.4
Dodging        | |  0.6
Shields        | |  3.7

Action                   |  1- 3 |  4- 6 || total
-------------------------+-------+-------++-------
Melee: War axe           |    82 |    89 ||   171
Invok: Convert to Beogh  |       |     1 ||     1
Evoke: Wand              |       |     1 ||     1
Armor: Scale mail        |    10 |       ||    10
       Chain mail        |    35 |    44 ||    79
Dodge: Dodged            |    31 |    33 ||    64
Block: Buckler           |    13 |    15 ||    28
